 Dungeon Crawl Stone Soup version 0.30-b1-2-g02819fbbbe (webtiles) character file.

Game seed: 1512204865696701768

7186 BadBadger the Carver (level 10, -14/70 HPs)
             Began as a Demonspawn Gladiator on Aug 28, 2023.
             Was a Priest of Uskayaw.
             Demolished by an ettin
             ... wielding a +0 dire flail
              (33 damage)
             ... on level 12 of the Dungeon.
             The game lasted 00:43:57 (8221 turns).

BadBadger the Carver (Demonspawn Gladiator)         Turns: 8221, Time: 00:43:58

Health: -14/70     AC: 10    Str: 18    XL:     10   Next: 87%
Magic:  14/15      EV: 28    Int:  9    God:    Uskayaw [***...]
Gold:   333        SH:  0    Dex: 16    Spells: 10/15 levels left

rFire   . . .        a - +4 long sword (heavy)
rCold   + . .        (no shield)
rNeg    . . .        d - +2 steam dragon scales
rPois   .            (helmet restricted)
rElec   .            m - +2 cloak
rCorr   .            J - +1 pair of gloves
SInv    +            o - +0 pair of boots
Will    .....        j - amulet of the acrobat
Stlth   ++++         y - ring of protection from cold
HPRegen 0.31/turn    t - ring of see invisible
MPRegen 0.14/turn

%: acrobat, clarity
@: wereblooded, acrobatic
A: antennae 2, ignite blood 2, clarity, deformed body
a: Renounce Religion, Stomp, Line Pass


You were on level 12 of the Dungeon.
You worshipped Uskayaw.
Uskayaw was noncommittal.
You visited 2 branches of the dungeon, and saw 11 of its levels.
You also visited: Sewer.

You collected 333 gold pieces.

Inventory:

Hand Weapons
 a - a +4 heavy long sword (weapon)
 B - a +3 quarterstaff of chaos
Missiles
 e - a javelin (quivered)
 w - 2 silver javelins
 x - 7 boomerangs
 H - 7 atropa-tipped darts
Armour
 b - a +0 leather armour
 c - a +0 helmet
 d - +2 steam dragon scales (worn)
 h - a +0 pair of gloves
 m - a +2 cloak (worn)
 o - a +0 pair of boots (worn)
 J - a +1 pair of gloves (worn)
Magical Staves
 u - a staff of cold
Jewellery
 j - an amulet of the acrobat (around neck)
 l - a ring of protection from fire
 t - a ring of see invisible (right hand)
 y - a ring of protection from cold (left hand)
 D - an amulet of guardian spirit
 F - an amulet of faith
Wands
 z - a wand of digging (4)
Scrolls
 f - 3 scrolls of magic mapping
 n - a scroll of amnesia
 E - a scroll of teleportation
 I - a scroll of fog
Potions
 g - 4 potions of curing
 i - a potion of cancellation
 k - a potion of lignification
 p - a potion of resistance {unknown}
 q - 3 potions of attraction
 r - 3 potions of degeneration {unknown}
 s - a potion of ambrosia
 v - 4 potions of haste
 A - 3 potions of flight {unknown}
 C - 3 potions of invisibility {unknown}
 K - a potion of magic {unknown}


   Skills:
 + Level 3.6 Fighting
 * Level 12.0 Long Blades
 - Level 1.7 Throwing
 - Level 3.1 Dodging
 + Level 8.5 Stealth
 - Level 3.4 Spellcasting
 - Level 3.5 Transmutations


You had 10 spell levels left.
You knew the following spells:

 Your Spells              Type           Power      Damage    Failure   Level
a - Beastly Appendage     Tmut           16%        N/A       7%          1
b - Wereblood             Tmut           8%         N/A       10%         2
c - Passwall              Tmut/Erth      3%         N/A       22%         2

Your spell library contained the following spells:

 Spells                   Type           Power      Damage    Failure   Level
 Necrotise                Necr           4%         1d4       28%         1
 Sandblast                Erth           2%         2d4       28%         1
 Spider Form              Tmut/Pois      4%         N/A       38%         3
 Stone Arrow              Conj/Erth      2%         3d7       65%         3
 Vampiric Draining        Necr           1%         2d6       65%         3
 Agony                    Necr           1%         N/A       100%        5
 Lee's Rapid Deconstruct  Erth           0%         3d4*      100%        5
 Iron Shot                Conj/Erth      0%         9d1       100%        6


Dungeon Overview and Level Annotations

Branches:
Dungeon (12/15)            Temple (1/1) D:7           Sewer (visited)
   Lair: D:8-11         Orc: D:9-12

Altars:
Ashenzari
Fedhas
Gozag
Kikubaaqudgha
Makhleb
Nemelex Xobeh
Ru
Sif Muna
Trog
Uskayaw


Innate Abilities, Weirdness & Mutations

You have a pair of antennae on your head.
Your demonic aura often causes spilled blood to erupt in flames.
You possess an exceptional clarity of mind.
Armour fits poorly on your strangely shaped body.


Message History

The orc warrior is engulfed in blazing flames.
The centaur is engulfed in blazing flames. x2
The orc warrior is engulfed in blazing flames.
The orc warrior is no longer paralysed.
The centaur is no longer paralysed. x2
The centaur is engulfed in blazing flames.
You kill the centaur!
The centaur is engulfed in blazing flames.
You kill the centaur!
A two-headed ogre comes into view. It is wielding two +0 giant clubs.
The orc warrior is engulfed in blazing flames.
The ettin closely misses you. The ettin misses you.
The gargoyle hurls a stone arrow at you.
The stone arrow hits you!
A deep elf annihilator comes into view. It is wielding a +0 short sword.
Your Long Blades skill increases to level 12!
Things that are here:
a +0 shortbow; a centaur corpse You closely miss the orc warrior.
The orc warrior is almost dead.
Your talons disappear.
Your +0 pair of boots unmelds from your body.
The ettin closely misses you.
The ettin hits you with a +0 dire flail!!!
Ouch! That really hurt!
* * * LOW HITPOINT WARNING * * *
The orc warrior is engulfed in blazing flames.
You feel a bit better.
You kill the orc warrior!
The ettin is engulfed in blazing flames.
There is an open door, spattered with blood here.
The ettin is engulfed in blazing flames.
Aiming: Line Pass
Press: ? - help, Dir - move target
Okay, then.
Okay, then.
Okay, then.
The ettin attacks as you move away! The ettin completely misses you.
The ettin hits you with a +0 dire flail!!
You die...

#........ #......e.
#.....O.. ####
#.......( #...
#.9C..... { #...
#).{..... #...
#°)C=.... #...
#C##############'##
#)@......)#8.....÷÷
#.........#........
#.........#).......
#.........'........
###################


You could see an ettin.

Vanquished Creatures
  The ghost of discopopstar the Thaumaturge, a novice DECj of Vehumet (D:8)
  A deep elf pyromancer (D:12)
  Pikel (D:8)
  An ugly thing (D:12)
  A manticore (D:12)
  A gargoyle (D:12)
  Maggie (D:8)
  A troll (D:12)
  A ynoxinul (D:8)
  4 yaks (D:12)
  A wraith (D:12)
  2 water moccasins (D:8)
  2 orc warriors
  4 ice beasts
  4 black bears
  5 centaurs
  2 ogres
  A phantom (D:4)
  3 scorpions (D:5)
  2 bullfrogs
  5 wights (D:7)
  A howler monkey (D:8)
  3 electric eels (D:6)
  4 hounds
  3 jellies
  Crazy Yiuf (D:3)
  A gnoll bouda (D:5)
  5 orc priests
  6 sleepcaps
  An iguana (D:6)
  6 orc wizards
  A hell rat (Sewer)
  6 adders
  3 gnolls (D:5)
  4 river rats
  A white imp (D:7)
  2 ufetubi
  3 worms
  10 dart slugs
  29 orcs
  3 endoplasms
  5 giant cockroaches
  2 goblins (D:4)
  9 hobgoblins
  4 kobolds
  2 quokkas
  11 ball pythons
  5 bats
  3 frilled lizards
  12 rats
  A bush (D:8)
191 creatures vanquished.

Vanquished Creatures (others)
  2 plants (D:8)
2 creatures vanquished.

Grand Total: 193 creatures vanquished

Notes
Turn   | Place    | Note
-------+----------+-------------------------------------------
     0 | D:1      | BadBadger the Demonspawn Gladiator began the quest for the
                  | Orb.
     0 | D:1      | Reached XP level 1. HP: 16/16 MP: 1/1
   149 | D:1      | Reached skill level 3 in Long Blades
   195 | D:1      | Gained mutation: Your demonic aura sometimes causes spilled
                  | blood to erupt in flames. [demonic ancestry]
   195 | D:1      | Reached XP level 2. HP: 22/22 MP: 2/2
   823 | D:2      | Reached XP level 3. HP: 27/27 MP: 3/3
   829 | D:2      | Reached skill level 4 in Long Blades
   888 | D:2      | Found a shimmering blue altar of Sif Muna.
  1434 | D:3      | Reached XP level 4. HP: 33/33 MP: 4/4
  1561 | D:3      | Found a faded altar of an unknown god.
  1811 | D:3      | Found a runed translucent door.
  1812 | D:3      | Noticed Crazy Yiuf
  1817 | D:3      | Gained mutation: You are weak. (Str -2) [potion of
                  | mutation]
  1817 | D:3      | Gained mutation: You have an increased reservoir of magic.
                  | (+10% MP) [potion of mutation]
  1817 | D:3      | Gained mutation: Your mind is acute. (Int +4, Str/Dex -1)
                  | [potion of mutation]
  1817 | D:3      | Gained mutation: Your mind is very acute. (Int +8, Str/Dex
                  | -2) [potion of mutation]
  1845 | D:3      | Killed Crazy Yiuf
  1964 | D:4      | Found an ancient bone altar of Kikubaaqudgha.
  1964 | D:4      | Found a blossoming altar of Fedhas.
  2007 | D:4      | Reached skill level 1 in Stealth
  2007 | D:4      | Reached XP level 5. HP: 38/38 MP: 5/5
  2037 | D:4      | Found a broken altar of Ashenzari.
  2100 | D:4      | Lost mutation: You have an increased reservoir of magic.
                  | (+10% MP) [potion of mutation]
  2100 | D:4      | Lost mutation: Your mind is very acute. (Int +8, Str/Dex
                  | -2) [potion of mutation]
  2100 | D:4      | Gained mutation: Armour fits poorly on your strangely
                  | shaped body. [potion of mutation]
  2100 | D:4      | Gained mutation: Your spells are a little harder to cast,
                  | but a little more powerful. [potion of mutation]
  2100 | D:4      | Gained mutation: You possess an exceptional clarity of
                  | mind. [potion of mutation]
  2103 | D:4      | Learned a level 1 spell: Beastly Appendage
  2106 | D:4      | Learned a level 2 spell: Wereblood
  2200 | D:4      | Noticed a phantom
  2231 | D:4      | Killed a phantom
  2232 | D:4      | Reached skill level 5 in Long Blades
  2318 | D:4      | Reached skill level 1 in Transmutations
  2325 | D:4      | Gained mutation: You have a pair of small antennae on your
                  | head. [demonic ancestry]
  2325 | D:4      | Reached XP level 6. HP: 42/44 MP: 7/7
  2387 | D:4      | Reached skill level 1 in Spellcasting
  2500 | D:4      | Noticed a moth of wrath
  2509 | D:4      | Found a bloodstained altar of Trog.
  2923 | D:5      | Entered Level 5 of the Dungeon
  2924 | D:5      | Found a burning altar of Makhleb.
  3057 | D:5      | Noticed an ice beast
  3069 | D:5      | Killed an ice beast
  3070 | D:5      | Reached XP level 7. HP: 40/50 MP: 9/9
  3265 | D:5      | Reached skill level 6 in Long Blades
  3389 | D:5      | Found a hide-covered altar of Uskayaw.
  3405 | D:5      | Became a worshipper of Uskayaw the Reveller
  3422 | D:5      | Reached * piety under Uskayaw
  3432 | D:5      | Reached ** piety under Uskayaw
  3660 | D:5      | Gained mutation: Your demonic aura often causes spilled
                  | blood to erupt in flames. [demonic ancestry]
  3660 | D:5      | Reached XP level 8. HP: 35/56 MP: 12/12
  4126 | D:6      | Reached *** piety under Uskayaw
  4128 | D:6      | Reached skill level 7 in Long Blades
  4138 | D:6      | Found an opulent altar of Gozag.
  4349 | D:6      | Found a sacrificial altar of Ru.
  4380 | D:6      | Found a glowing drain.
  4400 | Sewer    | Entered a sewer
  4617 | Sewer    | Lost mutation: You are weak. (Str -2) [potion of mutation]
  4617 | Sewer    | Lost mutation: Your spells are a little harder to cast, but
                  | a little more powerful. [potion of mutation]
  4617 | Sewer    | Lost mutation: Your mind is acute. (Int +4, Str/Dex -1)
                  | [potion of mutation]
  4617 | Sewer    | Gained mutation: You have a pair of antennae on your head.
                  | [potion of mutation]
  4873 | D:6      | Reached skill level 8 in Long Blades
  5740 | D:7      | Reached skill level 5 in Stealth
  5932 | D:7      | Reached XP level 9. HP: 61/61 MP: 11/14
  5936 | D:7      | Reached **** piety under Uskayaw
  6287 | D:7      | Found a staircase to the Ecumenical Temple.
  6470 | D:7      | Reached skill level 9 in Long Blades
  6475 | D:7      | Learned a level 2 spell: Passwall
  6740 | Temple   | Entered the Ecumenical Temple
  7129 | D:8      | Found a runed translucent door.
  7129 | D:8      | Noticed discopopstar's ghost (novice DECj)
  7147 | D:8      | Noticed Maggie
  7174 | D:8      | Killed discopopstar's ghost
  7175 | D:8      | Reached skill level 10 in Long Blades
  7433 | D:8      | Killed Maggie
  7434 | D:8      | Reached XP level 10. HP: 58/67 MP: 15/15
  7483 | D:8      | Noticed Pikel
  7489 | D:8      | Killed Pikel
  7549 | D:8      | Got Tubu's Grimoire of the Quarry
  7777 | D:9      | You fall into a shaft and drop 3 floors!
  7784 | D:12     | Noticed a manticore
  7792 | D:12     | Killed a manticore
  7793 | D:12     | Reached skill level 11 in Long Blades
  8002 | D:12     | Noticed a gargoyle
  8003 | D:12     | Noticed a deep elf pyromancer
  8017 | D:12     | Killed a gargoyle
  8153 | D:12     | Killed a deep elf pyromancer
  8204 | D:12     | Noticed a purple ugly thing
  8204 | D:12     | Noticed a gargoyle
  8204 | D:12     | Noticed a deep elf pyromancer
  8208 | D:12     | Noticed a gargoyle
  8208 | D:12     | Noticed an ettin
  8214 | D:12     | Noticed a cyclops
  8214 | D:12     | Noticed a cyclops
  8216 | D:12     | Killed a purple ugly thing
  8217 | D:12     | Noticed a two-headed ogre
  8217 | D:12     | Noticed a deep elf annihilator
  8218 | D:12     | Reached skill level 12 in Long Blades
  8221 | D:12     | Demolished by an ettin

Illustrated notes

Levels and vault maps discovered:
D:1:      tekkud_arrival_beachfront_property, layout_basic
D:2:      layout_rooms, basic_altar, grunt_decor_resistance
D:3:      layout_basic, mainiacjoe_overflow_concentric_impassable,
          dreamdust_ecumenical_altar_angels_and_demons,
          kennysheep_generic_room_3, uniq_crazy_yiuf_cottage
D:4:      layout_loops_ring, grunt_temple_overflow_growth_and_decay,
          nicolae_ashenzari_skybound, tgw_trog, minmay_increasing_density
D:5:      layout_loops_ring, nicolae_uskayaw_dance_hall,
          nicolae_overflow_crystal_walls, kennysheep_generic_room_14
D:6:      kennysheep_slugbush, layout_rooms, nicolae_ru_awakened_eye,
          nicolae_gozag_seed_capital, portal_sewer_entry_a, minivault_4
D:7:      layout_gridville, minmay_temple_entry_proselytizer
D:8:      layout_basic, hellmonk_ghost_big_iron, uniq_maggie, uniq_pikel
D:9:      layout_stronghold, nicolae_qazlal_eye_of_the_storm, jiyva_altar_1
D:12:     minmay_klotski, layout_rooms, chequers_garden,
          minmay_misc_feat_square, lightli_airlock
Temple:   chequers_temple_sunken

Skill      XL: |  1  2  3  4  5  6  7  8  9 10 |
---------------+-------------------------------+-----
Long Blades    | 3 4 5 6 8 10 12 | 12.0
Dodging        | 3 |  3.1
Stealth        | 1 2 3 5 7 8 |  8.5
Transmutations | 1 2 3 |  3.5
Spellcasting   | 1 2 3 |  3.4
Fighting       | 3 |  3.6
Throwing       | |  1.7

Action                     |  1- 3 |  4- 6 |  7- 9 | 10-12 || total
---------------------------+-------+-------+-------+-------++-------
  Melee: Long sword        |   117 |   156 |   246 |    54 ||   573
         Punch             |       |     1 |     3 |     2 ||     6
         Kick              |       |       |    14 |     6 ||    20
  Throw: Throwing net      |       |     2 |     2 |       ||     4
         Javelin           |       |       |     5 |       ||     5
         Dart              |       |       |     2 |       ||     2
   Cast: Beastly Appendage |       |     1 |     7 |     3 ||    11
         Wereblood         |       |       |     4 |     3 ||     7
 Invoke: Stomp             |       |       |     3 |       ||     3
         Line Pass         |       |       |       |     1 ||     1
    Use: Potion            |       |     6 |     7 |     2 ||    15
         Scroll            |       |    13 |    12 |     2 ||    27
   Stab: Sleeping          |     1 |       |     9 |     1 ||    11
         Held in net/web   |       |       |     3 |       ||     3
         Paralysed         |       |       |     4 |     1 ||     5
 Armour: Leather armour    |    30 |    70 |    92 |       ||   192
         Steam dragon scal |       |       |       |     9 ||     9
  Dodge: Dodged            |   103 |   163 |   199 |    50 ||   515
